 Dungeon Crawl Stone Soup version 0.27-a0-1500-g450c7e4133 (webtiles) character file.

Game seed: 6017964909650895425

75 Tocho the Skirmisher (level 4, 0/37 HPs)
             Began as a Palentonga Fighter on July 7, 2021.
             Slain by Sigmund (4 damage)
             ... on level 3 of the Dungeon.
             The game lasted 00:04:44 (1977 turns).

Tocho the Skirmisher (Palentonga Fighter)           Turns: 1977, Time: 00:04:44

Health: 0/37       AC:  6    Str: 19    XL:     4   Next: 11%
Magic:  5/5        EV:  7    Int: 10    God:
Gold:   140        SH:  0    Dex:  9    Spells: 5/5 levels left

rFire    . . .     SeeInvis +   a - +0 war axe
rCold    . . .     Faith    .   (no shield)
rNeg     . . .     Spirit   .   b - +0 scale mail
rPois    .         Reflect  .   (no helmet)
rElec    .         Harm     .   (no cloak)
rCorr    .         Rampage  .   (no gloves)
Will     .....                  (no barding)
Stlth    ..........             (no amulet)
HPRegen  0.12/turn              (no ring)
MPRegen  0.09/turn              (no ring)

@: unable to read
A: large, rugged brown scales 3, see invisible, deformed body, roll 1, armoured
tail, inability to read while threatened
a: Rolling Charge


You were on level 3 of the Dungeon.
You visited 1 branch of the dungeon, and saw 3 of its levels.

You collected 140 gold pieces.

Inventory:

Hand Weapons
 a - a +0 war axe (weapon)
Missiles
 j - 4 javelins
Armour
 b - a +0 scale mail (worn)
 c - a +0 kite shield
Jewellery
 n - a ring of fire
Scrolls
 h - a scroll of fear {unknown}
 k - 2 scrolls of fog
 l - a scroll of torment {unknown}
Potions
 d - a potion of might
 e - a potion of heal wounds {unknown}
 f - a potion of lignification
 i - a potion of haste {unknown}


   Skills:
 + Level 3.2 Fighting
 * Level 3.2 Axes
 + Level 2.8 Armour
 + Level 2.6 Shields
 * Level 1.1 Spellcasting


You had 5 spell levels left.
You didn't know any spells.
Your spell library contained the following spells:

 Spells                   Type           Power      Damage    Failure   Level
 Static Discharge         Conj/Air       0%         N/A       83%         2
 Lightning Bolt           Conj/Air       0%         1d11      100%        5
 Maxwell's Capacitive Co  Air            0%         ∞         100%        8


Dungeon Overview and Level Annotations

Branches:
Dungeon (3/15)

Altars:

Annotations:
D:3 Sigmund


Innate Abilities, Weirdness & Mutations

You are completely covered in rugged brown scales. (AC +3, +7% HP)
You have supernaturally acute eyesight. (SInv)
Armour fits poorly on your strangely shaped body.
You can roll at nearby foes to attack.
You have a long armoured tail.
You sometimes lose the ability to read scrolls when taking damage.


Message History

You feel sick.
You feel sick.
You feel sick.
You feel sick.
You feel sick.
You feel sick.
You feel sick.
You are no longer poisoned.
Sigmund the Dreaded comes into view.
He is wielding a +2 scythe of freezing.
Sigmund is nearby!
Sigmund gestures at you while chanting. The puff of flame misses you.
Sigmund points at you and mumbles some strange words.
You are confused.
Sigmund casts a spell at you. The puff of flame hits you!
You feel threatened and lose the ability to read scrolls!
You can read scrolls again.
Sigmund gestures at you while chanting. The puff of flame hits you.
You feel threatened and lose the ability to read scrolls!
* * * LOW HITPOINT WARNING * * *
Sigmund casts a spell at you.
You are more confused.
You bump into the rock wall.
You're too confused to move!
You bump into the rock wall.
You can read scrolls again.
You feel less confused.
Sigmund says, "Look into my eyes."
Sigmund giggles. "Time to reap what you sow."
Sigmund casts a spell at you. You resist with some effort.
You see here 24 sling bullets.
There is a stone staircase leading up here.
Sigmund hits you from afar with a +2 scythe of freezing!
You feel threatened and lose the ability to read scrolls!
* * * LOW HITPOINT WARNING * * *
Sigmund freezes you.
You die...

#.##########
#........(.# #
#.########.#
#.#####.# #.#
#.......# #.#
####.#### #.#
#.# #@# #.# #.#
#.###########@#
#....##.......#
####.##.#######
#.##.# #.##.#
#.##.# #.##.#
#.##.#
#######.##.#


You could see Sigmund.

Vanquished Creatures
  2 adders (D:2)
  4 endoplasms (D:1)
  7 giant cockroaches
  5 goblins
  6 hobgoblins
  4 jackals (D:1)
  3 quokkas (D:1)
  4 ball pythons
  5 bats
  A frilled lizard (D:1)
  6 kobolds
  2 rats
49 creatures vanquished.

Notes
Turn   | Place    | Note
-------+----------+-------------------------------------------
     0 | D:1      | Tocho the Palentonga Fighter began the quest for the Orb.
     0 | D:1      | Reached XP level 1. HP: 19/19 MP: 1/1
   172 | D:1      | Reached XP level 2. HP: 21/25 MP: 2/2
   241 | D:1      | Found a faded altar of an unknown god.
   715 | D:1      | Reached XP level 3. HP: 25/31 MP: 3/3
  1261 | D:2      | Reached skill level 1 in Spellcasting
  1331 | D:2      | Reached XP level 4. HP: 37/37 MP: 5/5
  1837 | D:2      | Gained mutation: You sometimes lose the ability to read
                  | scrolls when taking damage. [potion of mutation]
  1939 | D:3      | Noticed Sigmund
  1977 | D:3      | Slain by Sigmund

Illustrated notes

Levels and vault maps discovered:
D:1:      saegor_arrival_simple_b, layout_basic,
          ebering_ecumenical_altar_abandoned, minivault_24, grunt_decor_cap
D:2:      layout_basic, minmay_worlds_worst_comb
D:3:      layout_loops_ring, uniq_terence, uniq_sigmund

Skill      XL: |  1  2  3 |
---------------+----------+-----
Axes           | 3 |  3.2
Spellcasting   | 1 |  1.1
Fighting       | |  3.2
Armour         | |  2.8
Shields        | |  2.6

Action                   |  1- 3 |  4- 6 || total
-------------------------+-------+-------++-------
Melee: War axe           |   112 |    14 ||   126
       Tailslap          |    18 |     2 ||    20
 Abil: Rolling Charge    |    17 |     4 ||    21
  Use: Scroll            |       |     3 ||     3
       Potion            |       |     1 ||     1
Armor: Scale mail        |    64 |     8 ||    72
Dodge: Dodged            |    48 |     2 ||    50

Table legend: (Time is in decaauts)
 A = Elapsed time spent in this place.
 B = Non-inter-level travel time spent in this place.
 C = Inter-level travel time spent in this place.
 D = Time resting spent in this place.
 E = Time spent auto-exploring this place.
 F = Levels seen in this place.
 G = Mean time per level.
                   A        B        C        D        E       F      G
               +--------+--------+--------+--------+--------+-----+--------+
         Total |   2024 |   1922 |    102 |      0 |   1591 |   3 |  674.7 |
       Dungeon |   2024 |   1922 |    102 |      0 |   1591 |   3 |  674.7 |
               +--------+--------+--------+--------+--------+-----+--------+

Top non-repeatable levels by time:
     D:1: 1096 daAuts
     D:2: 823 daAuts
     D:3: 105 daAuts
